 Dungeon Crawl Stone Soup version 0.20.1-1-g8b1a95d (webtiles) character file.

11252 vineage the Spear-Bearer (level 11, -8/86 HPs)
             Began as a Demonspawn Gladiator on Aug 10, 2017.
             Mangled by a slime creature (13 damage)
             ... on level 12 of the Dungeon.
             The game lasted 00:31:33 (10516 turns).

vineage the Spear-Bearer (Demonspawn Gladiator)    Turns: 10516, Time: 00:31:35

Health: -8/86      AC: 17    Str: 20    XL:     11   Next: 46%
Magic:  11/11      EV: 15    Int: 11    God:    Xom [..*...]
Gold:   372        SH:  0    Dex: 18    Spells: 10/10 levels left

rFire    + . .     SeeInvis +   O - +0 quarterstaff (chaos)
rCold    . . .     Gourm    .   (shield currently unavailable)
rNeg     + . .     Faith    +   v - +1 ring mail {rPois}
rPois    +         Spirit   .   j - +0 hat
rElec    +         Reflect  .   (no cloak)
rCorr    +         Harm     .   A - +1 pair of gloves
MR       .....                  p - +0 pair of boots
Stlth    ++........             L - amulet of faith
Regen    0.3/turn               I - ring "Radwegoi" {rCorr rElec Slay+2}
MPRegen  0.2/turn               q - ring "Kuaruen" {rF+ rN+ Int+2 Dex+3}

@: sanguine armour
A: beak, horns 1, see invisible, deformed body, poison resistance, powered by
death 2, strong 1, rot immunity, subdued magic 1, sanguine armour 2
a: Renounce Religion


You were on level 12 of the Dungeon.
You worshipped Xom.
You were a toy of Xom.
You were not hungry.

You visited 1 branch of the dungeon, and saw 12 of its levels.

You collected 1008 gold pieces.
You spent 636 gold pieces at shops.

Inventory:

Hand Weapons
 z - a +0 dagger of pain
 E - a +4 scythe
 H - a +0 whip of freezing
 N - a +3 spear
 O - a +0 quarterstaff of chaos (weapon)
Missiles
 d - 4 throwing nets (quivered)
Armour
 c - a +0 helmet
 h - a +0 shield
 j - a +0 hat (worn)
 p - a +0 pair of boots (worn)
 v - a +1 ring mail of poison resistance (worn)
 A - a +1 pair of gloves (worn)
 U - a +3 scale mail
Jewellery
 q - the ring "Kuaruen" (right hand) {rF+ rN+ Int+2 Dex+3}
   (You found it on level 7 of the Dungeon)

   [ring of dexterity]

   It affects your intelligence (+2).
   It affects your dexterity (+3).
   It protects you from fire.
   It protects you from negative energy.
 w - an uncursed ring of fire {unknown}
 y - an uncursed ring of ice
 I - the ring "Radwegoi" (left hand) {rCorr rElec Slay+2}
   (You bought it in a shop on level 8 of the Dungeon)

   [ring of resist corrosion]

   It affects your accuracy and damage with ranged weapons and melee attacks
   (+2).
   It insulates you from electricity.
 L - an amulet of faith (around neck)
 Q - a cursed ring of teleportation {unknown}
Wands
 a - a wand of flame (20/48)
 C - a wand of random effects (36/48)
 D - a wand of random effects (16/48)
 J - a wand of polymorph (13/24)
 V - a wand of polymorph (9/24)
Scrolls
 b - 2 scrolls of remove curse
 i - 3 scrolls of amnesia
 k - 2 scrolls of teleportation
 l - a scroll of blinking
 o - a scroll of random uselessness {unknown}
 u - 7 scrolls of enchant armour
 x - 2 scrolls of recharging
 P - a scroll of fear {unknown}
 R - 2 scrolls of magic mapping
Potions
 e - a potion of brilliance
 g - 4 potions of cancellation
 s - 2 potions of degeneration
 t - a potion of lignification
 B - a potion of magic
 F - a potion of agility
 T - a potion of ambrosia {unknown}
Books
 n - a book of Maledictions

   Spells                             Type                      Level
   a - Corona                         Hexes                        1
   b - Ensorcelled Hibernation        Hexes/Ice                    2
   c - Confuse                        Hexes                        3
   d - Tukima's Dance                 Hexes                        3
   e - Dazzling Spray                 Conjuration/Hexes            3
 S - a Young Poisoner's Handbook

   Spells                             Type                      Level
   a - Sting                          Conjuration/Poison           1
   b - Poisonous Vapours              Poison/Air                   2
   c - Mephitic Cloud                 Conjuration/Poison/Air       3
   d - Olgreb's Toxic Radiance        Poison                       4
   e - Venom Bolt                     Conjuration/Poison           5
Comestibles
 f - 6 bread rations
 m - 4 royal jellies
 r - a meat ration
 M - 2 fruits


   Skills:
 + Level 7.9 Fighting
 + Level 2.4 Short Blades
 + Level 8.4(9.8) Polearms
 + Level 7.9(9.6) Staves
 + Level 1.9 Throwing
 + Level 6.3 Armour
 + Level 6.4 Dodging
 + Level 4.0 Stealth
 + Level 2.6 Shields


You had 10 spell levels left.
You didn't know any spells.

Dungeon Overview and Level Annotations

Branches:
Dungeon (12/15)            Temple (0/1) D:4            Lair (0/6) D:11
    Orc (0/2) D:11

Altars:
Cheibriados
Fedhas
Gozag
Makhleb
Nemelex Xobeh
Okawaru
Vehumet
Xom
The Shining One

Shops:
D:6 (   D:8 =


Innate Abilities, Weirdness & Mutations

You have a pair of small horns on your head.
You regenerate health from kills.
You are immune to rotting.
When seriously injured, your bleeding wounds create thick armour. (AC +9)
You have a beak for a mouth.
You have supernaturally acute eyesight. (SInv)
Armour fits poorly on your strangely shaped body.
Your system is resistant to poisons. (rPois)
Your muscles are strong. (Str +2)
Your spells are a little easier to cast, but a little less powerful.


Message History

You hit the slime creature. You headbutt the slime creature.
The slime creature is severely wounded.
The slime creature barely misses you.
The large slime creature barely misses you.
You hit the slime creature. You freeze the slime creature.
You peck the slime creature.
The slime creature is almost dead.
The slime creature hits you.
The slime creature hits you but does no damage.
You sock the slime creature! Your peck misses the slime creature.
The slime creature is almost dead.
The large slime creature hits you but does no damage.
The slime creature closely misses you. The slime creature misses you.
You hit the slime creature. You peck the slime creature.
You kill the slime creature!
The large slime creature hits you!!
* * * LOW HITPOINT WARNING * * *
The slime creature hits you!
You die...
Xom is highly amused!

.....+ .....#
####.#############+#####
.......#...#....#.......
.......#...#....#.......
.......#...'....+.......
####)..#...#....#.......
...#...##'####'##J......
...........#...§@§.......#
...........#...§.J.......#
...........#.............#
#########+##....#........#
....... #....#........#
....... #....#........#
....... #....#........#
####... ######........#
#.............#


You could see a large slime creature and a slime creature.

Vanquished Creatures
  2 two-headed ogres
  The ghost of graki42 the Thaumaturge, a journeyman DEFE of Vehumet (D:10)
  Pikel (D:6)
  The ghost of Paps the Covered, a novice GrFi of Gozag (D:6)
  An oklob plant (D:9)
  A gargoyle (D:8)
  The ghost of Frank the Sneak, a novice OpMo (D:3)
  A troll (D:10)
  A slime creature (D:12)
  Prince Ribbit (D:6)
  2 hippogriffs
  Sigmund (D:6)
  A shadow (D:11)
  4 yaks (D:11)
  2 wyverns
  4 hogs (D:7)
  2 hungry ghosts
  A steam dragon (D:12)
  A human (D:7)
  2 wargs (D:11)
  Edmund (D:6)
  A water moccasin (D:11)
  A sky beast (D:11)
  10 orc warriors
  2 ice beasts
  A black bear (D:8)
  A phantom (D:11)
  2 ogres
  3 centaurs
  A big kobold (D:11)
  2 bullfrogs
  2 scorpions
  A killer bee (D:11)
  10 wights
  2 howler monkeys
  3 crimson imps
  A quasit (D:11)
  5 jellies
  A centaur skeleton (D:7)
  5 orc priests
  3 hounds
  8 orc wizards
  3 iguanas
  4 worker ants
  A killer bee zombie (D:10)
  9 adders
  2 oozes
  2 adder skeletons (D:8)
  2 worms
  3 dart slugs
  6 leopard geckos
  37 orcs
  4 giant cockroaches
  4 hobgoblins
  5 jackals
  2 quokkas (D:10)
  A ball python (D:2)
  10 bats
  4 frilled lizards
  8 goblins
  15 kobolds
  2 leopard gecko skeletons
  A quokka skeleton (D:7)
  3 rats (D:1)
  2 fungi (D:9)
227 creatures vanquished.

Vanquished Creatures (others)
  3 slaves (D:6)
  A phantom (D:4)
  A bullfrog (D:6)
  A crimson imp (D:6)
  An orc wizard (D:6)
  An orc priest (D:6)
  An orc (D:6)
  A jackal (D:6)
  A plant (D:1)
11 creatures vanquished.

Grand Total: 238 creatures vanquished

Notes
Turn   | Place    | Note
-------+----------+-------------------------------------------
     0 | D:1      | vineage the Demonspawn Gladiator began the quest for the Orb.
     0 | D:1      | Reached XP level 1. HP: 16/16 MP: 1/1
   110 | D:1      | Gained mutation: When seriously injured, your bleeding wounds create armour. (AC +9) [demonic ancestry]
   110 | D:1      | Reached XP level 2. HP: 14/22 MP: 2/2
   883 | D:1      | Gained mutation: You regenerate a little health from kills. [demonic ancestry]
   883 | D:1      | Reached XP level 3. HP: 24/28 MP: 3/3
  1726 | D:2      | Found a snail-covered altar of Cheibriados.
  1726 | D:2      | Found a shimmering altar of Xom.
  1736 | D:2      | Became a worshipper of Xom of Chaos
  1771 | D:2      | XOM: silly message
  1843 | D:3      | XOM: potion effect (might)
  1852 | D:3      | Gained mutation: You have a pair of small horns on your head. [demonic ancestry]
  1852 | D:3      | Reached XP level 4. HP: 33/34 MP: 4/4
  1898 | D:3      | Reached skill level 1 in Armour
  1939 | D:3      | Found a radiant altar of Vehumet.
  2003 | D:3      | Noticed Frank's ghost (novice OpMo)
  2026 | D:3      | XOM: divination: detect items
  2030 | D:3      | Killed Frank's ghost
  2030 | D:3      | Reached skill level 5 in Staves
  2030 | D:3      | Gained mutation: You regenerate health from kills. [demonic ancestry]
  2030 | D:3      | Reached XP level 5. HP: 10/41 MP: 5/5
  2030 | D:3      | Reached XP level 6. HP: 12/47 MP: 6/6
  2271 | D:3      | Found an opulent altar of Gozag.
  2271 | D:3      | XOM: 2-stop teleportation journey
  2338 | D:3      | XOM: give mutations
  2338 | D:3      | Gained mutation: Your flesh is heat resistant. (rF+) [Xom's grace]
  2338 | D:3      | Gained mutation: You have supernaturally acute eyesight. (SInv) [Xom's grace]
  2338 | D:3      | Gained mutation: Your muscles are strong. (Str +2) [Xom's grace]
  2338 | D:3      | Gained mutation: You are agile. (Dex +2) [Xom's grace]
  2499 | D:3      | XOM: give mutations
  2499 | D:3      | Gained mutation: You are resistant to hostile enchantments. (MR+) [Xom's grace]
  2499 | D:3      | Gained mutation: You have large cloven feet. [Xom's grace]
  2499 | D:3      | Gained mutation: You are somewhat resistant to further mutation. [Xom's grace]
  2714 | D:4      | XOM: scenery: 1 doors open
  2870 | D:4      | XOM: scenery: 2 doors open
  2939 | D:4      | Found a sparkling altar of Nemelex Xobeh.
  3069 | D:4      | Found a staircase to the Ecumenical Temple.
  3225 | D:4      | Reached XP level 7. HP: 44/52 MP: 7/7
  3225 | D:4      | XOM: divine lightning
  3355 | D:5      | Entered Level 5 of the Dungeon
  3451 | D:5      | XOM: scenery: 1 doors close
  3484 | D:5      | XOM: smoke on damage
  3666 | D:5      | Found a burning altar of Makhleb.
  3722 | D:5      | XOM: scenery: 1 doors open, 1 doors close
  3750 | D:5      | XOM: divination: detect creatures
  3884 | D:6      | Found Dughuodese's Weapon Boutique.
  3884 | D:6      | Noticed Sigmund
  3904 | D:6      | Killed Sigmund
  3904 | D:6      | Reached skill level 1 in Short Blades
  3904 | D:6      | Reached skill level 1 in Shields
  3982 | D:6      | Noticed Pikel
  3994 | D:6      | Killed Pikel
  3994 | D:6      | Reached skill level 1 in Polearms
  3994 | D:6      | Gained mutation: When seriously injured, your bleeding wounds create thick armour. (AC +9) [demonic ancestry]
  3994 | D:6      | Reached XP level 8. HP: 52/61 MP: 8/8
  4039 | D:6      | Noticed Edmund
  4052 | D:6      | XOM: potion effect (might)
  4053 | D:6      | Killed Edmund
  4066 | D:6      | Noticed Paps's ghost (novice GrFi)
  4143 | D:6      | Noticed a hippogriff
  4151 | D:6      | Killed a hippogriff
  4151 | D:6      | Reached skill level 2 in Polearms
  4188 | D:6      | Killed Paps's ghost
  4188 | D:6      | Reached skill level 5 in Fighting
  4188 | D:6      | Reached skill level 4 in Polearms
  4188 | D:6      | Reached XP level 9. HP: 13/68 MP: 9/9
  4633 | D:6      | Noticed Prince Ribbit
  4659 | D:6      | XOM: potion effect (heal wounds)
  4667 | D:6      | Killed Prince Ribbit
  4807 | D:7      | Reached skill level 5 in Dodging
  4807 | D:7      | Reached skill level 1 in Stealth
  5197 | D:7      | Reached skill level 5 in Polearms
  5197 | D:7      | Reached skill level 5 in Armour
  5213 | D:7      | XOM: potion effect (haste)
  5312 | D:7      | XOM: confusion (+ monsters)
  5365 | D:7      | XOM: confuse monster(s)
  5370 | D:7      | XOM: cast spell 'Summon Ice Beast'
  5523 | D:7      | XOM: harmless Hex miscast
  5737 | D:7      | Got a shimmering amber ring
  5868 | D:7      | XOM: blink monster(s)
  5880 | D:7      | Reached skill level 6 in Polearms
  6160 | D:8      | XOM: divination: detect items
  6189 | D:8      | XOM: stat loss: -1 Int (8/9)
  6219 | D:8      | Found an iron altar of Okawaru.
  6261 | D:8      | Reached XP level 10. HP: 76/76 MP: 10/10
  6263 | D:8      | Lost mutation: You are agile. (Dex +2) [potion of mutation]
  6263 | D:8      | Lost mutation: Your muscles are strong. (Str +2) [potion of mutation]
  6263 | D:8      | Lost mutation: You are resistant to hostile enchantments. (MR+) [potion of mutation]
  6263 | D:8      | Lost mutation: You are somewhat resistant to further mutation. [potion of mutation]
  6263 | D:8      | Lost mutation: You have large cloven feet. [potion of mutation]
  6263 | D:8      | Gained mutation: You have a beak for a mouth. [potion of mutation]
  6263 | D:8      | Gained mutation: You have sharp fingernails. [potion of mutation]
  6264 | D:8      | Lost mutation: Your flesh is heat resistant. (rF+) [potion of mutation]
  6264 | D:8      | Lost mutation: You have sharp fingernails. [potion of mutation]
  6264 | D:8      | Gained mutation: Armour fits poorly on your strangely shaped body. [potion of mutation]
  6264 | D:8      | Gained mutation: Your spells are a little easier to cast, but a little less powerful. [potion of mutation]
  6264 | D:8      | Gained mutation: You passively map a small area around you. [potion of mutation]
  6264 | D:8      | Gained mutation: Your muscles are strong. (Str +2) [potion of mutation]
  6270 | D:8      | Identified the ring "Kuaruen" {rF+ rN+ Int+2 Dex+3} (You found it on level 7 of the Dungeon)
  6400 | D:8      | Noticed a gargoyle
  6402 | D:8      | XOM: scenery: 1 doors open
  6405 | D:8      | Killed a gargoyle
  6634 | D:8      | Found Ralad's Jewellery Boutique.
  6735 | D:8      | XOM: god gift: 380 gold pieces
  6778 | D:8      | Bought the ring "Radwegoi" {rCorr rElec Slay+2} for 636 gold pieces
  7031 | D:8      | XOM: give mutations
  7031 | D:8      | Gained mutation: Your system is resistant to poisons. (rPois) [Xom's grace]
  7031 | D:8      | Gained mutation: Your flesh is cold resistant. (rC+) [Xom's grace]
  7031 | D:8      | Gained mutation: You are agile. (Dex +2) [Xom's grace]
  7137 | D:9      | Found a glowing golden altar of the Shining One.
  7160 | D:9      | Reached skill level 7 in Polearms
  7195 | D:9      | Noticed a two-headed ogre
  7205 | D:9      | Killed a two-headed ogre
  7522 | D:9      | XOM: mild Summ miscast
  7556 | D:9      | Found a blossoming altar of Fedhas.
  7576 | D:9      | Noticed an oklob plant
  7578 | D:9      | XOM: divination: detect items
  7582 | D:9      | XOM: enchant monster (good)
  7585 | D:9      | XOM: fog
  7596 | D:9      | Killed an oklob plant
  7596 | D:9      | Reached skill level 8 in Polearms
  7751 | D:9      | XOM: destruction
  7825 | D:9      | XOM: god gift: runed quarterstaff {god gift}
  8062 | D:9      | XOM: scenery: 1 doors open, 1 doors close
  8074 | D:9      | XOM: butterfly on damage
  8193 | D:10     | Entered Level 10 of the Dungeon
  8193 | D:10     | Noticed graki42's ghost (journeyman DEFE)
  8199 | D:10     | XOM: butterfly on damage
  8419 | D:10     | Killed graki42's ghost
  8570 | D:10     | XOM: confuse monster(s)
  8787 | D:10     | Gained mutation: You are immune to rotting. [demonic ancestry]
  8787 | D:10     | Reached XP level 11. HP: 84/84 MP: 11/11
  8794 | D:10     | XOM: fog
  8796 | D:10     | XOM: confusion (+ monsters)
  8807 | D:10     | XOM: 9-stop teleportation journey
  9215 | D:11     | XOM: potion effect (invisibility)
  9224 | D:11     | XOM: divination: detect creatures
  9282 | D:11     | Lost mutation: You have supernaturally acute eyesight. (SInv) [potion of mutation]
  9282 | D:11     | Lost mutation: You passively map a small area around you. [potion of mutation]
  9282 | D:11     | Lost mutation: Your flesh is cold resistant. (rC+) [potion of mutation]
  9282 | D:11     | Lost mutation: You are agile. (Dex +2) [potion of mutation]
  9282 | D:11     | Gained mutation: You tend to lose your temper in combat. [potion of mutation]
  9282 | D:11     | Gained mutation: You have supernaturally acute eyesight. (SInv) [potion of mutation]
  9282 | D:11     | Lost mutation: You tend to lose your temper in combat. [potion of mutation]
  9422 | D:11     | XOM: smoke on damage
  9541 | D:11     | XOM: mild Ice miscast
  9551 | D:11     | Found a staircase to the Orcish Mines.
  9567 | D:11     | XOM: potion effect (brilliance)
  9579 | D:11     | XOM: cast spell 'Olgreb's Toxic Radiance'
  9669 | D:11     | XOM: scenery: create altars
  9900 | D:11     | Found a staircase to the Lair.
  9953 | D:11     | XOM: potion effect (invisibility)
 10045 | D:11     | XOM: cleaving
 10088 | D:12     | XOM: god gift: 28 gold pieces
 10129 | D:12     | XOM: 3-stop teleportation journey
 10147 | D:12     | Noticed a cyan ugly thing
 10149 | D:12     | XOM: summons 7 friendly demons
 10151 | D:12     | XOM: summons friendly shadow imp
 10160 | D:12     | XOM: confuse monster(s)
 10173 | D:12     | XOM: divination: detect creatures
 10214 | D:12     | Noticed a two-headed ogre
 10217 | D:12     | XOM: potion effect (heal wounds)
 10219 | D:12     | XOM: mild Summ miscast
 10225 | D:12     | Killed a two-headed ogre
 10511 | D:12     | XOM: smoke on damage
 10516 | D:12     | Mangled by a slime creature

Skill      XL: |  1  2  3  4  5  6  7  8  9 10 11 |
---------------+----------------------------------+-----
Dodging        | 3 4 5 6 |  6.4
Staves         | 3 5 6 7 |  7.9
Armour         | 1 2 3 4 5 6 |  6.3
Fighting       | 3 4 5 7 |  7.9
Short Blades   | 2 |  2.4
Shields        | 2 |  2.6
Polearms       | 1 4 6 8 |  8.4
Stealth        | 1 3 4 |  4.0
Throwing       | |  1.9

Action                   |  1- 3 |  4- 6 |  7- 9 | 10-12 || total
-------------------------+-------+-------+-------+-------++-------
Melee: Quarterstaff      |   140 |    97 |    12 |   264 ||   513
       Headbutt          |       |    17 |    57 |   115 ||   189
       Kick              |       |    18 |    90 |       ||   108
       Dagger            |       |       |    80 |       ||    80
       Scythe            |       |       |   169 |    84 ||   253
       Peck              |       |       |       |    93 ||    93
  Use: Potion            |     3 |     1 |    10 |     6 ||    20
       Scroll            |     3 |       |    10 |     8 ||    21
 Stab: Distracted        |     1 |       |     1 |       ||     2
       Sleeping          |       |       |     2 |     9 ||    11
       Paralysed         |       |       |       |     8 ||     8
       Confused          |       |       |       |     2 ||     2
       Invisible         |       |       |       |     4 ||     4
       Petrifying        |       |       |       |     1 ||     1
  Eat: Bread ration      |     1 |     1 |       |     1 ||     3
       Chunk             |     1 |       |       |     1 ||     2
       Fruit             |       |       |     4 |     3 ||     7
       Meat ration       |       |       |     2 |     1 ||     3
       Royal jelly       |       |       |       |     2 ||     2
Armor: Leather armour    |    33 |       |       |       ||    33
       Ring mail         |    13 |    29 |   115 |    77 ||   234
       Skin              |       |       |    16 |       ||    16
Dodge: Dodged            |   107 |    48 |   196 |   244 ||   595
Block: Shield            |       |       |    35 |       ||    35
